 Dungeon Sprint DCSS version 0.23.2-33-g5129a83184 (webtiles) character file.

Game seed: 14116778944495599865

4600000 OrcJesus the Axe Maniac (level 25, -163/280 HPs)
             Began as a Deep Dwarf Wanderer on Aug 7, 2019.
             Was the Champion of Makhleb.
             Annihilated by a destroyer
             ... wielding a +9 great sword of slicing
              (189 damage)
             ... in the Dungeon (Sprint VIII: "Arena of Blood").
             The game lasted 00:05:43 (46 turns).

OrcJesus the Axe Maniac (Deep Dwarf Wanderer)         Turns: 46, Time: 00:05:44

Health: -163/280   AC:  4    Str: 17    XL:     25   Next: 30%
Magic:  24/54      EV: 35    Int: 15    God:    Makhleb [******]
Gold:   0          SH:  0    Dex: 21    Spells: 77/78 levels left

rFire    . . .     SeeInvis .   b - +∞ Axe of Woe
rCold    . . .     Gourm    .   (shield currently unavailable)
rNeg     + . .     Faith    .   d - +0 robe
rPois    .         Spirit   .   (no helmet)
rElec    .         Reflect  .   (no cloak)
rCorr    .         Harm     .   (no gloves)
MR       +++..     NoTele   +   (no boots)
Stlth    +++++++++.             (no amulet)
HPRegen  0.00/turn              k - +30 ring of slaying
MPRegen  0.34/turn              (no ring)

@: non-regenerating
A: damage resistance, heal wounds, negative energy resistance 1, sense
surroundings 3, no regeneration
a: Heal Wounds, Minor Destruction, Lesser Servant of Makhleb, Major Destruction,
Greater Servant of Makhleb, Renounce Religion


You were in the Dungeon.
You worshipped Makhleb.
Makhleb was exalted by your worship.
You were not hungry.

You visited 1 branch

Inventory:

Hand Weapons
 a - a +0 spear
 b - the +∞ Axe of Woe (weapon)
   (You found it in the Dungeon)
Armour
 d - a +0 robe (worn)
Jewellery
 k - a +30 ring of slaying (left hand)
Scrolls
 j - a scroll of blinking
Potions
 c - 2 potions of curing
 e - a potion of heal wounds
 g - a potion of haste
 h - 2 potions of magic
 i - a potion of berserk rage
Comestibles
 f - a ration


   Skills:
 O Level 27 Fighting
   Level 3.0 Long Blades
 O Level 27 Axes
 O Level 27 Polearms
 O Level 27 Throwing
 O Level 27 Armour
 O Level 27 Dodging
 O Level 27 Stealth
 O Level 27 Unarmed Combat
 O Level 27 Spellcasting
 O Level 27 Conjurations
   Level 1.0 Summonings
 O Level 27 Poison Magic
 O Level 27 Invocations
   Level 1.3 Evocations


You had 77 spell levels left.
You knew the following spells:

 Your Spells              Type           Power        Failure   Level  Hunger
a - Sting                 Conj/Pois      ####         0%          1    None

Your spell library contained the following spells:

 Spells                   Type           Power        Failure   Level  Hunger
 Poisonous Vapours        Pois/Air       ######       0%          2    None
 Mephitic Cloud           Conj/Pois/Air  ######..     0%          3    None
 Olgreb's Toxic Radiance  Pois           #######.     0%          4    None
 Venom Bolt               Conj/Pois      #######...   0%          5    None


Dungeon Overview and Level Annotations

Branches:
Dungeon (1/1)

Altars:
Makhleb


Innate Abilities, Weirdness & Mutations

You are resistant to damage.
You can heal yourself by infusing magical energy.
You resist negative energy. (rN+)
You passively map a large area around you.
You do not regenerate.


Message History

Unknown command.
Unknown command.
Unknown command.
Unknown command.
You hear a shout! x3
The destroyer blinks!
You hear a shout!
The destroyer hits you with a +9 great sword of slicing!!!!!
Ouch! That really hurt!
* * * LOW HITPOINT WARNING * * *
x2 The destroyer bites you.
* * * LOW HITPOINT WARNING * * *
The destroyer draws strength from your injuries!
You hear a shout!
The meat berserker rages.
You hear a shout! x4
Two crawling corpses merge to form a small abomination.
The destroyer hits you with a +9 great sword of slicing!!!!!
Ouch! That really hurt!
You die...

######## ### ####......
=... * #......V.,... ,
, ** * ......§V##.##.##
,, * *
,,.......xVo@Vo...... ,
, , ,,
...####o)Oo.##.##....
,,,#..ooo)o)§..........
, ,
..#.oo.o.o..O#.#.....
,, ,
,,#o.O.o§.§x.........*
,
*#.Oo#oo.O.)...........
, , , **
...oo#o..VzXX.%.......
, ,* ,
,.....o.§.☼))))).......
, , ,
......x..☼§○))).......
,


You could see 5 destroyers, a sculptor of flesh, a large bag of meat (inner
flame), 2 large abominations, 3 meat berserkers, 2 small abominations and 21
bags of meat.

Vanquished Creatures
  4 vampire knights (D)
  10 ogres (D)
  2 two-headed ogres (D)
  29 orcs (D)
  2 crawling corpses (D)
47 creatures vanquished.

Vanquished Creatures (others)
  A crawling corpse (D)
1 creature vanquished.

Grand Total: 48 creatures vanquished

Notes
Turn   | Place    | Note
-------+----------+-------------------------------------------
     0 | D        | Found the +∞ Axe of Woe
     0 | D        | OrcJesus the Deep Dwarf Wanderer began the quest for the
                  | Orb.
     0 | D        | OrcJesus set off with the following items: a +0 spear, 2
                  | potions of curing, a +0 robe, a potion of heal wounds, a
                  | ration, a potion of haste, 2 potions of magic, a potion of
                  | berserk rage, a scroll of blinking; and the following spell
                  | memorised: Sting; and the following spells available to
                  | memorise: Poisonous Vapours, Mephitic Cloud, Olgreb's Toxic
                  | Radiance, Venom Bolt
     0 | D        | Reached XP level 1. HP: 19/19 MP: 2/2
     2 | D        | Noticed a bag of meat
     4 | D        | Became a worshipper of Makhleb the Destroyer
     5 | D        | Noticed a bag of meat
     5 | D        | Noticed a bag of meat
     5 | D        | Noticed a bag of meat
     6 | D        | Noticed a bag of meat
     7 | D        | Killed a bag of meat
     7 | D        | Reached XP level 2. HP: 57/57 MP: 3/3
     7 | D        | Reached XP level 3. HP: 64/64 MP: 4/4
     7 | D        | Reached XP level 4. HP: 74/74 MP: 5/5
     7 | D        | Reached XP level 5. HP: 81/81 MP: 6/6
     7 | D        | Reached XP level 6. HP: 90/90 MP: 7/7
     7 | D        | Reached XP level 7. HP: 98/98 MP: 8/8
     7 | D        | Reached XP level 8. HP: 106/106 MP: 9/9
     7 | D        | Gained mutation: You passively map the area around you.
                  | [Deep Dwarf growth]
     7 | D        | Reached XP level 9. HP: 114/114 MP: 10/10
     7 | D        | Reached XP level 10. HP: 123/123 MP: 11/11
     7 | D        | Reached XP level 11. HP: 130/130 MP: 12/12
     7 | D        | Noticed a meat berserker
     8 | D        | Noticed a bag of meat
     8 | D        | Noticed a bag of meat
     9 | D        | Noticed a meat berserker
     9 | D        | Killed a bag of meat
     9 | D        | Reached XP level 12. HP: 146/146 MP: 13/13
    10 | D        | Killed a bag of meat
    10 | D        | Reached * piety under Makhleb
    10 | D        | Reached XP level 13. HP: 159/159 MP: 14/14
    10 | D        | Noticed a meat berserker
    12 | D        | Killed a meat berserker
    12 | D        | Reached skill level 27 in Axes
    12 | D        | Gained mutation: You resist negative energy. (rN+) [Deep
                  | Dwarf growth]
    12 | D        | Reached XP level 14. HP: 180/180 MP: 15/15
    13 | D        | Noticed a bag of meat
    13 | D        | Killed a bag of meat
    13 | D        | Reached ** piety under Makhleb
    13 | D        | Reached XP level 15. HP: 189/189 MP: 16/16
    15 | D        | Killed a meat berserker
    15 | D        | Reached skill level 27 in Fighting
    16 | D        | Reached XP level 16. HP: 200/200 MP: 17/17
    17 | D        | Noticed a meat berserker
    18 | D        | Killed a meat berserker
    18 | D        | Reached *** piety under Makhleb
    19 | D        | Noticed a meat berserker
    20 | D        | Noticed a meat berserker
    20 | D        | Noticed a large bag of meat
    21 | D        | Killed a meat berserker
    21 | D        | Reached XP level 17. HP: 179/208 MP: 18/18
    22 | D        | Noticed a meat berserker
    23 | D        | Reached skill level 27 in Armour
    23 | D        | Reached skill level 27 in Dodging
    23 | D        | Reached **** piety under Makhleb
    23 | D        | Reached skill level 27 in Stealth
    23 | D        | Reached skill level 5 in Invocations
    23 | D        | Gained mutation: You passively map a large area around you.
                  | [Deep Dwarf growth]
    23 | D        | Reached XP level 18. HP: 218/218 MP: 18/22
    24 | D        | Noticed a destroyer
    24 | D        | Killed a meat berserker
    24 | D        | Reached skill level 27 in Invocations
    24 | D        | Reached XP level 19. HP: 226/226 MP: 18/37
    24 | D        | Noticed a meat berserker
    24 | D        | Noticed a large bag of meat
    25 | D        | Noticed a destroyer
    26 | D        | Killed a meat berserker
    26 | D        | Reached ***** piety under Makhleb
    26 | D        | Killed a large bag of meat
    26 | D        | Noticed a destroyer
    28 | D        | Killed a meat berserker
    28 | D        | Reached skill level 27 in Spellcasting
    28 | D        | Reached XP level 20. HP: 236/236 MP: 19/51
    28 | D        | Reached skill level 10 in Poison Magic
    29 | D        | Killed a meat berserker
    29 | D        | Reached ****** piety under Makhleb
    29 | D        | Reached skill level 15 in Poison Magic
    29 | D        | Reached XP level 21. HP: 244/244 MP: 19/52
    31 | D        | Killed a destroyer
    31 | D        | Reached XP level 22. HP: 254/254 MP: 19/53
    31 | D        | Noticed a destroyer
    33 | D        | Noticed a destroyer
    33 | D        | Noticed a destroyer
    34 | D        | Noticed a large bag of meat
    36 | D        | Killed a large bag of meat
    36 | D        | Reached XP level 23. HP: 262/262 MP: 21/54
    36 | D        | Reached skill level 27 in Polearms
    36 | D        | Reached skill level 27 in Throwing
    36 | D        | Reached skill level 27 in Conjurations
    39 | D        | Noticed a destroyer
    40 | D        | Noticed a destroyer
    42 | D        | Noticed a destroyer
    42 | D        | Killed a destroyer
    42 | D        | Reached skill level 27 in Poison Magic
    43 | D        | Reached skill level 27 in Unarmed Combat
    43 | D        | Reached XP level 24. HP: 272/272 MP: 23/54
    44 | D        | Killed a destroyer
    45 | D        | Killed a destroyer
    45 | D        | Reached XP level 25. HP: 280/280 MP: 23/54
    46 | D        | Annihilated by a destroyer

Skill      XL: |  1  2  3  4  5  6  7  8  9 10 11 12 13 14 15 16 17 18 19 20 21 22 23 |
---------------+----------------------------------------------------------------------+-----
Fighting       | 18 20 22 26 27 | 27.0
Axes           | 20 23 25 27 | 27.0
Armour         | 9 20 26 27 | 27.0
Dodging        | 9 19 26 27 | 27.0
Stealth        | 27 | 27.0
Invocations    | 5 27 | 27.0
Spellcasting   | 14 27 | 27.0
Polearms       | 9 16 22 26 27 | 27.0
Throwing       | 9 16 22 26 27 | 27.0
Conjurations   | 9 16 22 26 27 | 27.0
Poison Magic   | 8 15 20 24 27 | 27.0
Unarmed Combat | 27 | 27.0
Long Blades    | |  3.0
Summonings     | |  1.0
Evocations     | |  1.3

Action                   |  1- 3 |  4- 6 |  7- 9 | 10-12 | 13-15 | 16-18 | 19-21 | 22-24 | 25-27 || total
-------------------------+-------+-------+-------+-------+-------+-------+-------+-------+-------++-------
Melee: Executioner's axe |     1 |       |       |     2 |     4 |     4 |     4 |     6 |       ||    21
Dodge: Dodged            |       |       |       |       |       |       |     1 |     4 |       ||     5
